 Dungeon Crawl Stone Soup version 0.29.0-7-g18a832c13a (webtiles) character file.

Game seed: 3599378216543563410

24 xian the Slasher (level 3, -2/36 HPs)
             Began as an Ogre Wanderer on Sept 1, 2022.
             Killed from afar by a dart slug (4 damage)
             ... with a slug dart
             ... on level 1 of the Dungeon.
             The game lasted 00:01:10 (471 turns).

xian the Slasher (Ogre Wanderer)                     Turns: 471, Time: 00:01:11

Health: -2/36      AC:  3    Str: 15    XL:     3   Next: 2%
Magic:  3/3        EV:  9    Int: 10    God:
Gold:   14         SH:  0    Dex: 14    Spells: 2/2 levels left

rFire   . . .      SeeInvis .   a - +2 falchion
rCold   . . .      Faith    .   (no shield)
rNeg    . . .      Spirit   .   e - +0 robe
rPois   .          Reflect  .   c - +0 hat
rElec   .          Harm     .   (no cloak)
rCorr   .          Rampage  .   (gloves unavailable)
Will    .....                   (boots unavailable)
Stlth   ++........              (no amulet)
HPRegen 0.12/turn               (no ring)
MPRegen 0.08/turn               (no ring)

@: no status effects
A: large, unfitting armour, tough skin 1
a: no special abilities


You were on level 1 of the Dungeon.
You visited 1 branch of the dungeon, and saw 1 of its levels.

You collected 14 gold pieces.

Inventory:

Hand Weapons
 a - a +2 falchion (weapon)
 b - a +0 sling
Armour
 c - a +0 hat (worn)
 e - a +0 robe (worn)
Scrolls
 f - a scroll of noise {unknown}
 g - a scroll of brand weapon {unknown}
Potions
 d - a potion of heal wounds


   Skills:
 + Level 2.9 Fighting
 + Level 3.9 Long Blades
 + Level 2.0 Ranged Weapons
 + Level 1.1 Dodging
 + Level 1.0 Stealth


You had 2 spell levels left.
You didn't know any spells.
Your spell library was empty.

Dungeon Overview and Level Annotations

Branches:
Dungeon (1/15)

Altars:


Innate Abilities, Weirdness & Mutations

You are too large for most types of armour.
You have tough skin. (AC +1)


Message History

The frilled lizard hisses angrily.
You hit the jackal but do no damage. The jackal bites you.
The jackal closely misses you.
You closely miss the jackal. The jackal barely misses you.
The dart slug launches a dart at you. The slug dart hits you.
You barely miss the jackal.
The jackal bites you but does no damage.
The jackal bites you.
You hit the jackal.
The jackal is severely wounded.
A quokka comes into view.
The jackal bites you but does no damage.
The jackal bites you.
The quokka moves out of view.
Unknown command.
You closely miss the jackal.
The jackal is severely wounded.
The jackal bites you.
* * * LOW HITPOINT WARNING * * *
The frilled lizard bites you.
* * * LOW HITPOINT WARNING * * *
The dart slug launches a dart at you. The slug dart misses you.
You hit the jackal.
You kill the jackal!
The frilled lizard bites you.
* * * LOW HITPOINT WARNING * * *
The dart slug launches a dart at you. The slug dart hits you.
* * * LOW HITPOINT WARNING * * *
You have reached level 3!
Your experience leads to an increase in your attributes!
Increase (S)trength, (I)ntelligence, or (D)exterity?
You feel stronger. x3
You slash the dart slug!
The dart slug is severely wounded.
The frilled lizard closely misses you. The dart slug launches a dart at you.
The slug dart hits you.
You die...

#...# .. #...# ... #...#
.... #...# ....# #...##
.....###....##
..>..†.#.....#
......l#...#.##
......w@...#..#
.......†...##.#
........#####.######
...............#..[#
######+#######..#...##
#≈≈~~# #...........#
#≈##~# .#######)....###
#≈~~~###.###............
+≈<#~#~~ #...#####...##.


You could see a dart slug and a frilled lizard.

Vanquished Creatures
  A dart slug (D:1)
  2 ball pythons (D:1)
  3 bats (D:1)
  A goblin (D:1)
  4 hobgoblins (D:1)
  3 jackals (D:1)
  2 frilled lizards (D:1)
  2 kobolds (D:1)
  A rat (D:1)
19 creatures vanquished.

Notes
Turn   | Place    | Note
-------+----------+-------------------------------------------
     0 | D:1      | xian the Ogre Wanderer began the quest for the Orb.
     0 | D:1      | xian set off with the following items: a +2 falchion, a +0
                  | sling, a +0 hat, a potion of heal wounds, a +0 robe.
     0 | D:1      | Reached XP level 1. HP: 22/22 MP: 1/1
    55 | D:1      | Reached XP level 2. HP: 27/29 MP: 2/2
   471 | D:1      | Reached XP level 3. HP: 2/36 MP: 3/3
   471 | D:1      | Killed from afar by a dart slug

Illustrated notes

Levels and vault maps discovered:
D:1:      ncdulo_wetmaze, layout_rooms,
          hellmonk_ecumenical_altar_pennies_from_heaven, st_stairs_3

Skill      XL: |  1  2 |
---------------+-------+-----
Ranged Weapons | 2 |  2.0
Fighting       | |  2.9
Long Blades    | |  3.9
Dodging        | |  1.1
Stealth        | |  1.0

Action                   || total
-------------------------++-------
Melee: Falchion          ||    23
 Fire: Sling             ||    68
Armor: Robe              ||    25
Dodge: Dodged            ||    49
